 Dungeon Crawl Stone Soup version 0.25-a0-774-g40ae2d4f90 (webtiles) character file.

Game seed: 8414661718679447918, levelgen mode: deterministic

903 Maedhros the Sneak (level 8, -3/48 HPs)
             Began as an Octopode Artificer on Apr 13, 2020.
             Was an Initiate of Cheibriados.
             Killed from afar by Ijyb (16 damage)
             ... with a puff of flame
             ... on level 5 of the Dungeon.
             The game lasted 00:07:33 (3453 turns).

Maedhros the Sneak (Octopode Artificer)             Turns: 3453, Time: 00:07:33

Health: -3/48      AC:  1    Str: 13    XL:     8   Next: 7%
Magic:  19/20      EV: 13    Int: 14    God:    Cheibriados [......]
Gold:   345        SH:  0    Dex: 15    Spells: 7/7 levels left

rFire    x x .     SeeInvis .     - Unarmed
rCold    + + .     Gourm    .   (no shield)
rNeg     . . .     Faith    .   (helmet restricted)
rPois    .         Spirit   .   s - amulet of regeneration
rElec    .         Reflect  .   p - ring of magical power
rCorr    .         Harm     .   h - ring of ice
MR       .....                  u - ring of ice
Stlth    +++++.....             (no ring)
HPRegen  0.56/turn              (no ring)
MPRegen  0.17/turn              (no ring)
                                (no ring)
                                (no ring)

@: very slow
A: almost no armour, stealthy swim, amphibious, 8 rings, constrict 8, camouflage
1, gelatinous body 1
a: Bend Time, Renounce Religion


You were on level 5 of the Dungeon.
You worshipped Cheibriados.
Cheibriados was noncommittal.
You were hungry.

You visited 2 branches of the dungeon, and saw 6 of its levels.

You collected 345 gold pieces.

Inventory:

Hand Weapons
 e - a +0 whip of venom
 t - a +1 short sword of draining
Armour
 r - a +0 kite shield
Jewellery
 h - a ring of ice (right tentacle)
 p - a ring of magical power (left tentacle)
 s - an amulet of regeneration (around mantle)
 u - a ring of ice (on tentacle)
Wands
 b - a wand of flame (18)
 c - a wand of enslavement (5)
 m - a wand of iceblast (10)
Scrolls
 j - 3 scrolls of identify
 o - 2 scrolls of remove curse
 v - a scroll of enchant armour {unknown}
Potions
 g - 3 potions of curing {unknown}
 i - 2 potions of berserk rage {unknown}
 k - 5 potions of flight {unknown}
 l - 2 potions of haste {unknown}
 n - a potion of magic {unknown}
 q - a potion of resistance {unknown}
Comestibles
 f - 12 rations


   Skills:
 + Level 1.0 Fighting
 - Level 1.0 Short Blades
 + Level 2.0 Dodging
 + Level 7.9 Stealth
 + Level 0.0 Shields
 * Level 6.1 Unarmed Combat
 + Level 4.6 Evocations


You had 7 spell levels left.
You didn't know any spells.
Your spell library was empty.

Dungeon Overview and Level Annotations

Branches:
Dungeon (5/15)             Temple (1/1) D:5

Altars:
Ashenzari
Cheibriados
Dithmenos
Elyvilon
Fedhas
Gozag
Hepliaklqana
Makhleb
Nemelex Xobeh
Qazlal
Ru
Sif Muna
Trog
Uskayaw
Yredelemnul
The Shining One

Annotations:
D:2 Robin
D:4 Dowan, Duvessa
D:5 Ijyb


Innate Abilities, Weirdness & Mutations

You cannot wear most types of armour.
You are very stealthy in the water. (Stealth+)
You are amphibious.
You can wear up to eight rings at the same time.
You can use your tentacles to constrict eight enemies at once.
Your skin changes colour to match your surroundings (Stealth+).
Your rubbery body absorbs attacks. (AC +1, EV +1)


Message History

You tentacle-slap Ijyb but do no damage.
Ijyb is heavily wounded.
You constrict Ijyb, but do no damage. Ijyb misses you.
You completely miss Ijyb.
Ijyb is heavily wounded.
You constrict Ijyb.
Ijyb zaps a wand.
The puff of flame hits you! The fire burns you terribly!
You tentacle-slap Ijyb but do no damage.
Ijyb is severely wounded.
You constrict Ijyb.
Ijyb zaps a wand.
The puff of flame hits you! The fire burns you terribly!
* * * LOW HITPOINT WARNING * * *
You tentacle-slap Ijyb but do no damage.
Ijyb is severely wounded.
You constrict Ijyb.
You tentacle-slap Ijyb but do no damage.
Ijyb is severely wounded.
You constrict Ijyb.
Ijyb zaps a wand.
The puff of flame hits you! The fire burns you terribly!
You die...

#....................###...# #..
.......##.###.##.##.......#####..
.......#..#.#.## #...#.#.....##..
......##......># #...###..##..#..
..........#....## #.## #..##.###.
......#####.....# #..###..##.##..
##...## #.....####...#...#..##..
.....### ##....g##...............
###.<..# #.....@........##..##..
..###..## #.......>.....####..#..
..##....# #.#...#.........#..###.
.......######...#..............##
.......#.##....##.....#...#......
..............###..#......#......
........###### #...#.....##......
..........####.##.......###......
.......# .............#.#......


You could see Ijyb.

Vanquished Creatures
  Grinder (D:5)
  Sigmund (D:4)
  An ice beast (D:5)
  A centaur zombie (D:5)
  An orc priest (D:5)
  3 hounds
  3 orc wizards (D:5)
  A worker ant (D:5)
  2 hound zombies
  2 adders
  3 gnolls (D:2)
  A shadow imp (D:5)
  5 worms
  A dart slug (D:2)
  3 leopard geckos
  8 orcs
  5 bats
  4 giant cockroaches
  13 goblins
  9 hobgoblins
  8 jackals
  5 kobolds
  4 quokkas
  A ball python skeleton (D:5)
  3 frilled lizards
  A leopard gecko zombie (D:5)
  2 rats (D:2)
92 creatures vanquished.

Vanquished Creatures (collateral kills)
  A giant cockroach (D:2)
  A bat (D:2)
2 creatures vanquished.

Vanquished Creatures (others)
  A gnoll (D:2)
  4 orcs
5 creatures vanquished.

Grand Total: 99 creatures vanquished

Notes
Turn   | Place    | Note
-------+----------+-------------------------------------------
     0 | D:1      | Maedhros the Octopode Artificer began the quest for the
                  | Orb.
     0 | D:1      | Reached XP level 1. HP: 13/13 MP: 3/3
   150 | D:1      | Reached skill level 2 in Stealth
   158 | D:1      | Reached skill level 1 in Unarmed Combat
   158 | D:1      | Reached XP level 2. HP: 12/18 MP: 4/4
   812 | D:2      | Reached skill level 3 in Stealth
   812 | D:2      | Reached XP level 3. HP: 10/23 MP: 5/5
  1004 | D:2      | Noticed Robin
  1036 | D:2      | Reached XP level 4. HP: 21/28 MP: 6/6
  1042 | D:2      | Reached skill level 4 in Stealth
  2140 | D:3      | Found a white marble altar of Elyvilon.
  2429 | D:3      | Reached skill level 5 in Stealth
  2429 | D:3      | Reached XP level 5. HP: 22/33 MP: 7/7
  2562 | D:4      | Found an opulent altar of Gozag.
  2597 | D:4      | Noticed Sigmund
  2604 | D:4      | Killed Sigmund
  2604 | D:4      | Reached skill level 6 in Stealth
  2604 | D:4      | Reached XP level 6. HP: 38/38 MP: 8/8
  2860 | D:5      | Entered Level 5 of the Dungeon
  2911 | D:5      | Reached XP level 7. HP: 31/43 MP: 9/9
  2920 | D:5      | Found a staircase to the Ecumenical Temple.
  2930 | Temple   | Entered the Ecumenical Temple
  2965 | Temple   | Became a worshipper of Cheibriados the Contemplative
  3021 | D:5      | Reached skill level 7 in Stealth
  3049 | D:5      | Reached skill level 5 in Unarmed Combat
  3051 | D:5      | Noticed Grinder
  3058 | D:5      | Paralysed by Grinder for 3 turns
  3068 | D:5      | Killed Grinder
  3190 | D:4      | Noticed Dowan
  3191 | D:4      | Noticed Duvessa
  3281 | D:5      | Reached XP level 8. HP: 33/48 MP: 11/11
  3284 | D:5      | Noticed Ijyb
  3453 | D:5      | Killed from afar by Ijyb

Levels and vault maps discovered:
D:1:      lightli_arrival_quake, layout_loops_ring, minmay_heptomino_d4
D:2:      layout_loops_cross, uniq_robin
D:3:      layout_loops_ring, lemuel_round_altar, first_ration
D:4:      layout_rooms, lemuel_altar_in_water, uniq_duvessa, uniq_sigmund,
          uniq_menkaure
D:5:      layout_cave_pools, temple_pool_b, uniq_ijyb, uniq_grinder
Temple:   kilobyte_greek_temple

Skill      XL: |  1  2  3  4  5  6  7 |
---------------+----------------------+-----
Stealth        | 2 3 5 6 7 |  7.9
Unarmed Combat | 1 2 3 4 6 |  6.1
Evocations     | 4 |  4.6
Fighting       | |  1.0
Short Blades   | |  1.0
Dodging        | |  2.0

Action                   |  1- 3 |  4- 6 |  7- 9 || total
-------------------------+-------+-------+-------++-------
Melee: Whip              |    47 |    67 |       ||   114
       Constrict         |    15 |    40 |    12 ||    67
       Short sword       |     3 |    50 |    46 ||    99
       Tentacles         |     6 |    23 |    10 ||    39
       Punch             |       |     5 |     4 ||     9
       Unarmed           |       |       |     6 ||     6
Evoke: Wand              |     5 |     6 |    13 ||    24
  Use: Scroll            |       |     4 |       ||     4
 Stab: Sleeping          |     6 |    12 |     4 ||    22
  Eat: Chunk             |       |     5 |     3 ||     8
Armor: Skin              |    10 |     4 |     2 ||    16
Dodge: Dodged            |    38 |    72 |    20 ||   130

Table legend:
 A = Non-vault XP
 B = Vault XP
 C = Vault XP percentage of total XP
 D = Non-vault monster count
 E = Vault monster count
 F = Vault count percentage of total count
                 A         B        C        D         E       F
            +---------+---------+-------+---------+---------+-------
      Total |     750 |     541 |  41.9 |      80 |      16 |  16.7
            +---------+---------+-------+---------+---------+-------
        D:1 |      17 |       6 |  26.1 |      10 |       3 |  23.1
        D:2 |      75 |      21 |  21.9 |      22 |      11 |  33.3
        D:3 |      80 |       0 |   0.0 |      15 |       0 |   0.0
        D:4 |     144 |     242 |  62.7 |      13 |       1 |   7.1
        D:5 |     434 |     272 |  38.5 |      20 |       1 |   4.8
            +---------+---------+-------+---------+---------+-------
